 Dungeon Crawl Stone Soup version 0.26.0-20-g3ca415f5b8 (webtiles) character file.

Game seed: 17140900719036561581

866 Qrupt the Digger (level 8, -2/57 HPs)
             Began as a Gnoll Wanderer on Jan 24, 2021.
             Was a Priest of Makhleb.
             Engulfed by a cloud of flame (20 damage)
             ... on level 5 of the Dungeon.
             The game lasted 00:13:04 (5940 turns).

Qrupt the Digger (Gnoll Wanderer)                   Turns: 5940, Time: 00:13:05

Health: -2/57      AC: 10    Str: 16    XL:     8   Next: 3%
Magic:  12/12      EV: 10    Int: 16    God:    Makhleb [***...]
Gold:   156        SH:  7    Dex: 14    Spells: 12/12 levels left

rFire    . . .     SeeInvis +   o - +0 long sword
rCold    . . .     Faith    .   e - +2 buckler
rNeg     . . .     Spirit   .   d - +2 scale mail
rPois    .         Reflect  .   (helmet restricted)
rElec    .         Harm     .   l - +0 cloak
rCorr    .         Rampage  .   (no gloves)
Will     .....                  (no boots)
Stlth    +.........             (no amulet)
HPRegen  0.19/turn              s - ring of see invisible
MPRegen  0.13/turn              (no ring)

@: brilliant, attractive, flying
A: distributed training, fangs 1, horns 1, blurry vision 1, strong nose
a: Renounce Religion, Minor Destruction, Lesser Servant of Makhleb


You were on level 5 of the Dungeon.
You worshipped Makhleb.
Makhleb was most pleased with you.
You visited 1 branch of the dungeon, and saw 5 of its levels.
You also visited: Sewer.

You collected 156 gold pieces.

Inventory:

Hand Weapons
 m - a +0 glaive
 o - a +0 long sword (weapon)
 p - a +2 vampiric dagger
Armour
 d - a +2 scale mail (worn)
 e - a +2 buckler (worn)
 l - a +0 cloak (worn)
Jewellery
 s - a ring of see invisible (left hand)
 x - an uncursed amulet of the acrobat {unknown}
Wands
 v - a wand of paralysis (9)
Scrolls
 b - 2 scrolls of remove curse {unknown}
 g - a scroll of teleportation {unknown}
 i - a scroll of immolation
 n - 5 scrolls of identify {unknown}
 q - 2 scrolls of enchant weapon {unknown}
 t - 2 scrolls of blinking {unknown}
 u - a scroll of noise {unknown}
Potions
 c - 3 potions of curing
 f - 3 potions of heal wounds
 h - a potion of attraction
 j - a potion of ambrosia
 k - 2 potions of brilliance
 r - 2 potions of mutation


   Skills:
 + Level 2.8 Fighting
 + Level 2.8 Short Blades
 + Level 2.8 Long Blades
 + Level 2.8 Axes
 + Level 2.8 Maces & Flails
 + Level 2.8 Polearms
 + Level 2.8 Staves
 + Level 2.8 Slings
 + Level 3.9 Bows
 + Level 2.8 Crossbows
 + Level 3.9 Throwing
 + Level 5.4 Armour
 + Level 2.8 Dodging
 + Level 3.7 Stealth
 + Level 2.8 Shields
 + Level 2.8 Unarmed Combat
 + Level 2.8 Spellcasting
 + Level 2.3 Conjurations
 + Level 2.3 Hexes
 + Level 2.3 Summonings
 + Level 2.3 Necromancy
 + Level 2.3 Translocations
 + Level 2.3 Transmutations
 + Level 2.3 Fire Magic
 + Level 2.3 Ice Magic
 + Level 4.5 Air Magic
 + Level 6.0 Earth Magic
 + Level 2.3 Poison Magic
 + Level 3.1 Invocations
 + Level 2.8 Evocations


You had 12 spell levels left.
You didn't know any spells.
Your spell library contained the following spells:

 Spells                   Type           Power        Failure   Level
 Corpse Rot               Necr/Air       N/A          26%         2
 Poisonous Vapours        Pois/Air       38%          26%         2
 Beastly Appendage        Tmut           28%          28%         1
 Wereblood                Tmut           14%          38%         2
 Spider Form              Tmut/Pois      7%           63%         3
 Ice Form                 Ice/Tmut       14%          95%         4
 Bolt of Magma            Conj/Fire/Erth 10%          99%         5
 Blade Hands              Tmut           7%           100%        5
 Iskenderun's Battlesphe  Conj           14%          100%        5
 Iron Shot                Conj/Erth      11%          100%        6
 Orb of Destruction       Conj           7%           100%        7
 Spellforged Servitor     Conj/Summ      7%           100%        7


Dungeon Overview and Level Annotations

Branches:
Dungeon (5/15)              Sewer (visited)
 Temple: D:4-7

Altars:
Gozag
Makhleb
Trog
Vehumet

Annotations:
D:5 Pikel, Sigmund


Innate Abilities, Weirdness & Mutations

Your experience applies equally to all skills.
You have very sharp teeth.
Your uncanny sense of smell can sniff out nearby items.
You have a pair of small horns on your head.
Scrolls take you a little longer to read.


Message History

The lemure is moderately wounded.
Sigmund is pulled toward you!
You hit the lemure but do no damage. Your headbutt misses the lemure.
The lemure is moderately wounded.
The centaur's inner flame fades away.
The lemure is engulfed in blazing flames.
Flame seeps out of the lemure.
The lemure hits you!
You closely miss the lemure. Your bite misses the lemure.
The lemure is severely wounded.
The lemure is engulfed in blazing flames.
Flame seeps out of the lemure.
You block the lemure's attack.
You slash the lemure!
The lemure explodes!
The fiery explosion engulfs the orc!
You kill the orc!
Makhleb accepts your kill.
The fiery explosion engulfs the lemure!
Flame seeps out of the lemure.
The lemure is heavily wounded.
The fiery explosion engulfs you!!
You are engulfed in blazing flames.
You die...

#. #.# #.....#####....##....(..
.. #<# #..........o.##.........
.# ##o##.(....>...K....(...(.###
#####...........Ko...###........<
................c@#.wc...(...####
.........#.....#o#####..(...##
....#)...#.....§5# ##...((..#####
##...........)o#§# #......((....#
...####.###.#..#@#....##........#
### #....... #....#!......>.).#
### .... ........#......... ..#.
.$=...####.......#. .........###
#.......#. ....... #######...
........ ##.. .#.....?.# ### #


You could see Pikel, Sigmund, a lemure (inner flame), a centaur, an orc wizard
and an orc.

Vanquished Creatures
  A centaur (D:5)
  An ogre (D:3)
  A lemure (D:5)
  A bullfrog (Sewer)
  A scorpion (D:4)
  An orc priest (D:4)
  4 orc wizards
  An iguana (D:4)
  A hound skeleton (D:3)
  A hound zombie (D:3)
  2 worker ant zombies (D:3)
  9 adders
  2 river rats (D:4)
  15 oozes
  An adder zombie (D:3)
  An adder skeleton (D:3)
  A worm (D:4)
  3 dart slugs
  20 leopard geckos
  23 orcs
  15 giant cockroaches
  6 goblins
  3 hobgoblins
  9 jackals
  12 ball pythons
  8 bats
  15 frilled lizards
  2 jackal skeletons (D:3)
  A jackal zombie (D:3)
  8 kobolds
  2 quokka zombies
  6 rats
177 creatures vanquished.

Vanquished Creatures (others)
  83 plants (D:4)
  5 withered plants (D:3)
88 creatures vanquished.

Grand Total: 265 creatures vanquished

Notes
Turn   | Place    | Note
-------+----------+-------------------------------------------
     0 | D:1      | Qrupt the Gnoll Wanderer began the quest for the Orb.
     0 | D:1      | Qrupt set off with the following items: a +0 club, a potion
                  | of curing, a +2 scale mail; and the following spells
                  | available to memorise: Corpse Rot, Poisonous Vapours
     0 | D:1      | Reached XP level 1. HP: 13/13 MP: 1/1
   222 | D:1      | Reached XP level 2. HP: 17/20 MP: 2/2
   654 | D:1      | Reached XP level 3. HP: 19/25 MP: 3/3
  1301 | D:2      | Reached skill level 1 in Invocations
  1615 | D:2      | Reached skill level 1 in Fighting
  1615 | D:2      | Reached skill level 1 in Short Blades
  1615 | D:2      | Reached skill level 1 in Long Blades
  1615 | D:2      | Reached skill level 1 in Axes
  1615 | D:2      | Reached skill level 1 in Maces & Flails
  1615 | D:2      | Reached skill level 1 in Polearms
  1615 | D:2      | Reached skill level 1 in Staves
  1615 | D:2      | Reached skill level 1 in Slings
  1615 | D:2      | Reached skill level 1 in Crossbows
  1615 | D:2      | Reached skill level 1 in Dodging
  1615 | D:2      | Reached skill level 1 in Shields
  1615 | D:2      | Reached skill level 1 in Unarmed Combat
  1615 | D:2      | Reached skill level 1 in Spellcasting
  1615 | D:2      | Reached skill level 1 in Evocations
  1741 | D:2      | Found a bloodstained altar of Trog.
  1769 | D:2      | Reached XP level 4. HP: 31/32 MP: 5/5
  2224 | D:2      | Found a radiant altar of Vehumet.
  2224 | D:2      | Found a burning altar of Makhleb.
  2421 | D:2      | Became a worshipper of Makhleb the Destroyer
  2494 | D:3      | Noticed an ogre
  2507 | D:3      | Killed an ogre
  2508 | D:3      | Reached skill level 1 in Conjurations
  2508 | D:3      | Reached skill level 1 in Hexes
  2508 | D:3      | Reached skill level 1 in Summonings
  2508 | D:3      | Reached skill level 1 in Necromancy
  2508 | D:3      | Reached skill level 1 in Translocations
  2508 | D:3      | Reached skill level 1 in Transmutations
  2508 | D:3      | Reached skill level 1 in Fire Magic
  2508 | D:3      | Reached skill level 1 in Ice Magic
  2508 | D:3      | Reached skill level 1 in Poison Magic
  2508 | D:3      | Reached XP level 5. HP: 7/37 MP: 5/7
  2852 | D:3      | Found an opulent altar of Gozag.
  3098 | D:3      | Reached * piety under Makhleb
  3170 | D:3      | Reached XP level 6. HP: 27/44 MP: 8/8
  3688 | D:3      | Reached skill level 5 in Armour
  3909 | D:4      | Found a glowing drain.
  3918 | Sewer    | Entered a sewer
  4019 | Sewer    | Reached ** piety under Makhleb
  4203 | Sewer    | Reached XP level 7. HP: 50/50 MP: 10/10
  4350 | Sewer    | Reached *** piety under Makhleb
  5571 | D:5      | Entered Level 5 of the Dungeon
  5779 | D:5      | Reached skill level 6 in Earth Magic
  5779 | D:5      | Reached XP level 8. HP: 40/57 MP: 12/12
  5869 | D:5      | Found an opulent altar of Gozag.
  5904 | D:5      | Noticed Pikel
  5923 | D:5      | Noticed Sigmund
  5926 | D:5      | Gained mutation: Scrolls take you a little longer to read.
                  | [potion of mutation]
  5926 | D:5      | Gained mutation: You have a pair of small horns on your
                  | head. [potion of mutation]
  5940 | D:5      | Engulfed by a cloud of flame

Illustrated notes

Levels and vault maps discovered:
D:1:      wander_arrival_lonely_grave, layout_basic,
          chequers_serial_rivers_micro_c
D:2:      layout_loops_corners, gammafunk_temple_overflow_wave, trog_book
D:3:      layout_basic, serial_undead, serial_undead_d, serial_undead_f,
          serial_undead_c, serial_undead_c, serial_undead_b, serial_undead_e,
          serial_undead_d, serial_undead_f, serial_undead_e, serial_undead_e,
          nicolae_gozag_cash_rules_everything_around_me
D:4:      layout_loops_ring, serial_bayou, serial_bayou_lagoon_a,
          serial_bayou_pond_d, serial_bayou_shore_b, serial_bayou_lake_a,
          serial_bayou_crossing, serial_bayou_pond_c, portal_sewer_entry_b
D:5:      layout_rooms, overflow_temple_1_default, minmay_temple_entry_tees,
          uniq_sigmund, uniq_pikel

Skill      XL: |  1  2  3  4  5  6  7 |
---------------+----------------------+-----
Invocations    | 1 2 3 |  3.1
Fighting       | 1 2 |  2.8
Short Blades   | 1 2 |  2.8
Long Blades    | 1 2 |  2.8
Axes           | 1 2 |  2.8
Maces & Flails | 1 2 |  2.8
Polearms       | 1 2 |  2.8
Staves         | 1 2 |  2.8
Slings         | 1 2 |  2.8
Crossbows      | 1 2 |  2.8
Dodging        | 1 2 |  2.8
Shields        | 1 2 |  2.8
Unarmed Combat | 1 2 |  2.8
Spellcasting   | 1 2 |  2.8
Evocations     | 1 2 |  2.8
Bows           | 3 |  3.9
Throwing       | 3 |  3.9
Conjurations   | 1 2 |  2.3
Hexes          | 1 2 |  2.3
Summonings     | 1 2 |  2.3
Necromancy     | 1 2 |  2.3
Translocations | 1 2 |  2.3
Transmutations | 1 2 |  2.3
Fire Magic     | 1 2 |  2.3
Ice Magic      | 1 2 |  2.3
Poison Magic   | 1 2 |  2.3
Air Magic      | 4 |  4.5
Stealth        | 3 |  3.7
Armour         | 5 |  5.4
Earth Magic    | 6 |  6.0

Action                   |  1- 3 |  4- 6 |  7- 9 || total
-------------------------+-------+-------+-------++-------
Melee: Club              |   143 |       |       ||   143
       Bite              |    19 |    50 |    42 ||   111
       Glaive            |    18 |    71 |       ||    89
       Dagger            |       |   324 |   183 ||   507
       Long sword        |       |    33 |   113 ||   146
       Headbutt          |       |       |     1 ||     1
Throw: Throwing net      |       |     1 |     1 ||     2
  Use: Potion            |       |       |     6 ||     6
       Scroll            |       |       |     1 ||     1
Armor: Scale mail        |   101 |   179 |   145 ||   425
Dodge: Dodged            |    94 |   184 |   183 ||   461
Block: Buckler           |       |    93 |   106 ||   199
       Rpst.: Long sword |       |     2 |    23 ||    25
